 Dungeon Crawl Stone Soup version 0.16-a0-2930-gdd371d7 (webtiles) character file.

60 RobertPalmer the Charlatan (level 4, 17/21 HPs)
             Began as a Vine Stalker Artificer on Dec 3, 2014.
             Quit the game on level 2 of the Dungeon.
             The game lasted 00:04:56 (1591 turns).

RobertPalmer the Charlatan (Vine Stalker Artificer) Turns: 1591, Time: 00:04:56

Health: 17/21      AC:  3    Str: 13    XL:     4   Next: 4%
Magic:  6/8        EV: 10    Int: 13    God:
Gold:   66         SH:  3    Dex: 15    Spells: 0 memorised, 3 levels left

rFire  . . .     SeeInvis .     a - +0 short sword
rCold  . . .     Clarity  .     e - +0 leather armour
rNeg   . . .     SustAb   +     j - +0 buckler
rPois  .         Gourm    .     (no helmet)
rElec  .         Spirit   +     (no cloak)
rCorr  .         Warding  .     (no gloves)
rMut   .         Stasis   .     (no boots)
MR     .....                    (no amulet)
Stlth  ++........               (no ring)
                                r - ring of sustain abilities

@: not resistant to hostile enchantments, unstealthy
A: fangs 2, regeneration 1, magic shield, antimagic bite, no device heal 3, rot
immunity
a: no special abilities


You were on level 2 of the Dungeon.
You were not hungry.

You visited 1 branch of the dungeon, and saw 2 of its levels.

You collected 66 gold pieces.


Innate Abilities, Weirdness & Mutations

You have extremely sharp teeth.
Your natural rate of healing is unusually fast.
When hurt, damage is shared between your health and your magic reserves.
Your bite disrupts and absorbs the magic of your enemies.
Potions and wands cannot restore your health.
You are immune to rotting.


   Skills:
 - Level 0.8 Fighting
 - Level 0.8 Short Blades
 - Level 1.5 Dodging
 - Level 1.2 Stealth
 + Level 4.6 Evocations


You had 3 spell levels left.
You didn't know any spells.

Inventory:

Hand weapons
 a - a +0 short sword (weapon)
Armour
 e - a +0 leather armour (worn)
 j - a +0 buckler (worn)
 q - a storm dragon hide
Jewellery
 r - a ring of sustain abilities (left hand)
Magical devices
 b - a wand of flame (12)
 c - a wand of enslavement (21)
 d - a wand of random effects (15)
Scrolls
 g - a scroll of amnesia
 i - a scroll of blinking {unknown}
 p - a scroll of remove curse
Potions
 h - a potion of cure mutation {unknown}
 k - a potion of brilliance {unknown}
 l - a potion of curing {unknown}
 n - a potion of invisibility {unknown}
Comestibles
 f - 2 bread rations

Dungeon Overview and Level Annotations

Branches:
Dungeon (2/15)

Altars:
Qazlal

###....#...########..#....≈.^.#
.....#..#..## #^###≈.≈≈##.#
####..#..#..# #^#..^.^#^#.#
#......#....# ##.(^..^≈.≈##
<.>..#..#...#########.#..#####
......#..#..........#.#.##
.......#...##...........#
#..†.#..#..............##
####..#..#.##..>f...####
#.......#........#
##..####..##.#..####
##)##...#...##....#
#####........####.####
##.............(...#
..........##########
.######.### ..# #..#


There were no monsters in sight!


Message History

Aim: a worm (moderately wounded)
The puff of flame hits the worm.
The worm is heavily wounded.
This wand has 13 charges left.
Evoke which item? (* to show all) (? for menu, Esc to quit)
Zapping:
b - a wand of flame (13)
Aim: a worm (heavily wounded)
The puff of flame hits the worm.
The worm is severely wounded.
This wand has 12 charges left.
The worm bites you.
You hit the worm.
The worm is severely wounded.
The worm bites you.
You hit the worm but do no damage. You bite the worm, but do no damage.
The worm is severely wounded.
You hit the worm but do no damage. You bite the worm, but do no damage.
The worm is severely wounded.
The worm bites you.
You hit the worm.
You kill the worm!
You have reached level 4!
You feel agile.
You see here a worm corpse.
You butcher the worm corpse.
m - a chunk of flesh {@w1} Eat a chunk of flesh {@w1}? (ye/n/q/i?) Quiver which item? (- for none, * to show all) (? for menu, Esc to quit)
Okay, then.
Are you sure you want to abandon this character and quit the game? (Confirm with "yes".)

Action                   |  1- 3 |  4- 6 || total
-------------------------+-------+-------++-------
Melee: Short sword       |   129 |       ||   129
Evoke: Wand              |     3 |       ||     3
  Use: Scroll            |     6 |       ||     6
 Stab: Sleeping          |     1 |       ||     1
  Eat: Chunk             |     1 |     1 ||     2

Vault maps used:
D:1:      dpeg_arrival_tiny_e, kennysheep_boxes
D:2:      grunt_qazlal_sundering, minmay_misc_feat_diagonals,
          wad_floor_pattern_2

Notes
Turn   | Place    | Note
--------------------------------------------------------------
     0 | D:1      | RobertPalmer, the Vine Stalker Artificer, began the quest for the Orb.
     0 | D:1      | Reached XP level 1. HP: 9/9 MP: 1/1
    48 | D:1      | Reached skill level 3 in Evocations
   366 | D:1      | Reached XP level 2. HP: 14/14 MP: 4/4
   936 | D:2      | Reached XP level 3. HP: 8/17 MP: 3/5
  1216 | D:2      | Reached skill level 4 in Evocations
  1521 | D:2      | Found a stormy altar of Qazlal.
  1578 | D:2      | Reached XP level 4. HP: 13/21 MP: 5/8
  1591 | D:2      | Quit the game

Vanquished Creatures
  3 adders (D:2)
  A worm (D:2)
  A giant cockroach (D:2)
  5 hobgoblins
  4 kobolds
  4 bats
  2 giant newts
  2 goblins (D:1)
  4 jackals (D:2)
  4 rats
30 creatures vanquished.
